 Dungeon Crawl Stone Soup version 0.21.1-1-g345015f (webtiles) character file.

196 Fang the Skirmisher (level 5, 0/34 HPs)
             Began as a Gargoyle Berserker on June 5, 2018.
             Was a Believer of Trog.
             Slain by an adder (2 damage)
             ... on level 3 of the Dungeon.
             The game lasted 00:03:06 (2648 turns).

Fang the Skirmisher (Gargoyle Berserker)            Turns: 2648, Time: 00:03:07

Health: 0/34       AC:  6    Str: 21    XL:     5   Next: 75%
Magic:  5/5        EV: 12    Int:  8    God:    Trog [**....]
Gold:   82         SH:  0    Dex:  9    Spells: 4/4 levels left

rFire    . . .     SeeInvis .   a - +0 hand axe
rCold    . . .     Gourm    .   (no shield)
rNeg     + . .     Faith    .   f - +0 robe (curse)
rPois    ∞         Spirit   .   (no helmet)
rElec    +         Reflect  .   (no cloak)
rCorr    .         Harm     .   (no gloves)
MR       .....                  (no boots)
Stlth    +.........             (no amulet)
HPRegen  0.11/turn              (no ring)
MPRegen  0.09/turn              (no ring)

@: berserk cooldown
A: negative energy resistance 1, electricity resistance, unbreathing,
petrification resistance, rot immunity, AC +4
a: Berserk, Trog's Hand, Burn Spellbooks, Renounce Religion


You were on level 3 of the Dungeon.
You worshipped Trog.
Trog was pleased with you.
You were near starving.

You visited 1 branch of the dungeon, and saw 3 of its levels.

You collected 82 gold pieces.

Inventory:

Hand Weapons
 a - a +0 hand axe (weapon)
Armour
 b - a +0 animal skin
 f - a cursed +0 robe (worn)
Jewellery
 h - an uncursed ring of protection from magic {unknown}
Scrolls
 d - a scroll of teleportation
 j - a scroll of fog {unknown}
 k - 2 scrolls of identify {unknown}
 m - a scroll of amnesia {unknown}
 n - a scroll of magic mapping {unknown}
Potions
 e - a potion of lignification {unknown}
 g - a potion of curing {unknown}
 i - 2 potions of heal wounds {unknown}
 l - a potion of agility {unknown}
Comestibles
 c - 4 rations
 o - a chunk of flesh


   Skills:
 + Level 4.6 Fighting
 + Level 4.2 Axes
 + Level 2.4 Armour
 + Level 2.5 Dodging
 + Level 0.4 Stealth


You had 4 spell levels left.
You didn't know any spells.

Dungeon Overview and Level Annotations

Branches:
Dungeon (3/15)

Altars:
Nemelex Xobeh
Uskayaw
Wu Jian

Annotations:
D:3 Sigmund


Innate Abilities, Weirdness & Mutations

You are resistant to torment.
Your stone body is resilient. (AC +4)
You are immune to poison.
You resist negative energy. (rN+)
You are resistant to electric shocks. (rElec)
You can survive without breathing.
You are immune to petrification.
You are immune to rotting.


Message History

The adder misses you.
You hear some strange, mumbled words.
The orc misses you. The adder bites you.
* * * LOW HITPOINT WARNING * * *
You hit the orc but do no damage.
The orc is severely wounded.
You miss the adder. You barely miss the orc. The adder bites you.
* * * LOW HITPOINT WARNING * * *
The orc hits you but does no damage. x2
Unknown command.
You hit the orc.
You kill the orc!
Trog accepts your kill.
You barely miss the adder. You hit the orc. The adder bites you.
* * * LOW HITPOINT WARNING * * *
The orc hits you but does no damage. Something hits you but does no damage.
The adder bites you but does no damage.
You hit something. You barely miss the adder. You closely miss the orc.
Something hits you but does no damage. The orc misses you. The adder bites you.
You die...

. .. .#.###
..... #...#
#...# #...####
#>o....## ..
#@.#.....
..#.###)S.....#
#.............#
##..###.......#
##...........#
##..........#
##....#(...#
#...##.....
#.†.##...##


You could see an adder and an orc.

Vanquished Creatures
  A phantom (D:2)
  3 adders
  An ooze (D:3)
  A worm (D:2)
  A dart slug (D:1)
  5 leopard geckos
  5 orcs (D:3)
  2 ball pythons
  2 giant cockroaches (D:2)
  3 goblins (D:1)
  13 hobgoblins
  8 bats
  5 frilled lizards
  8 kobolds
  6 rats
64 creatures vanquished.

Notes
Turn   | Place    | Note
-------+----------+-------------------------------------------
     0 | D:1      | Fang the Gargoyle Berserker began the quest for the Orb.
     0 | D:1      | Reached XP level 1. HP: 14/14 MP: 1/1
    22 | D:1      | Reached XP level 2. HP: 6/19 MP: 2/2
   980 | D:1      | Reached XP level 3. HP: 22/24 MP: 3/3
  1472 | D:2      | Noticed a phantom
  1482 | D:2      | Reached ** piety under Trog
  1558 | D:2      | Killed a phantom
  1558 | D:2      | Reached XP level 4. HP: 10/30 MP: 4/4
  1558 | D:2      | Reached XP level 5. HP: 11/34 MP: 5/5
  1902 | D:2      | Found a faded altar of an unknown god.
  2129 | D:2      | Found a hide-covered altar of Uskayaw.
  2129 | D:2      | Found an ornate altar of the Wu Jian Council.
  2361 | D:2      | Found a sparkling altar of Nemelex Xobeh.
  2622 | D:3      | Noticed Sigmund
  2648 | D:3      | Slain by an adder

Skill      XL: |  1  2  3  4  5 |
---------------+----------------+-----
Axes           | 3 4 |  4.2
Dodging        | 2 |  2.5
Fighting       | 4 |  4.6
Armour         | |  2.4
Stealth        | |  0.4

Action                   |  1- 3 |  4- 6 || total
-------------------------+-------+-------++-------
Melee: Hand axe          |   126 |    85 ||   211
Invok: Berserk           |     1 |     1 ||     2
  Use: Scroll            |       |     1 ||     1
  Eat: Chunk             |     2 |     4 ||     6
Armor: Animal skin       |     5 |       ||     5
       Robe              |    34 |    47 ||    81
Dodge: Dodged            |    83 |    73 ||   156
